 Dungeon Crawl Stone Soup version 0.30.0-15-g856e2d3f33 (webtiles) character file.

Game seed: 11152577547141512538

392 Pimp the Shooter (level 6, -3/72 HPs)
             Began as a Demonspawn Hunter on May 18, 2023.
             Killed by divine providence
             ... invoked by an orc priest
              (13 damage)
             ... on level 4 of the Dungeon.
             The game lasted 00:04:21 (2391 turns).

Pimp the Shooter (Demonspawn Hunter)                Turns: 2391, Time: 00:04:22

Health: -3/72      AC: 23    Str: 11    XL:     6   Next: 50%
Magic:  6/6        EV:  2    Int: 10    God:
Gold:   189        SH:  0    Dex: 19    Spells: 5/5 levels left

rFire   + . .        a - +3 shortbow (drain)
rCold   + . .        (shield currently unavailable)
rNeg    . . .        c - melded +0 leather armour
rPois   +            g - melded +1 helmet
rElec   +            (cloak currently unavailable)
rCorr   +            (gloves currently unavailable)
SInv    .            (boots currently unavailable)
Will    .....        (no amulet)
Stlth   +++          (no ring)
HPRegen 0.32/turn    (no ring)
MPRegen 0.10/turn

%: no passive effects
@: tree-form, resistant
A: stationary, stasis, torment immunity, boosted hp, (slimy green scales 3),
demonic guardian 1, (weakness stinger 1), (large bone plates 1), sense
surroundings 1, screaming 1
a: no special abilities


You were on level 4 of the Dungeon.
You were a tree.
You visited 1 branch of the dungeon, and saw 4 of its levels.

You collected 189 gold pieces.

Inventory:

Hand Weapons
 a - a +3 shortbow of draining (weapon)
 d - a +0 short sword of draining
 k - a +0 short sword of draining
 m - a +2 short sword of flaming
Armour
 c - a +0 leather armour (melded)
 g - a +1 helmet (melded)
Wands
 i - a wand of flame (9)
 p - a wand of charming (9)
Scrolls
 b - a scroll of immolation
 e - a scroll of teleportation
 f - a scroll of amnesia
 j - 2 scrolls of identify
Potions
 l - a potion of lignification
 n - a potion of flight
 r - a potion of brilliance {unknown}
 s - a potion of cancellation {unknown}
 v - a potion of haste {unknown}


   Skills:
 + Level 3.8 Fighting
 + Level 4.7 Ranged Weapons
 + Level 3.4 Dodging
 + Level 3.3 Stealth


You had 5 spell levels left.
You didn't know any spells.
Your spell library was empty.

Dungeon Overview and Level Annotations

Branches:
Dungeon (4/15)
 Temple: D:4-7

Altars:


Innate Abilities, Weirdness & Mutations

You are a tree.
Your roots penetrate the ground, keeping you stationary.
You cannot be teleported.
You are immune to unholy pain and torment.
Your maximum health is greatly increased.
Your equipment is partially melded.
((You are completely covered in slimy green scales. (AC +4, rPois)))
A weak demonic guardian rushes to your aid.
((You have a small tail.))
((You are partially covered in large bone plates. (SH +4)))
You passively map a small area around you.
You occasionally shout uncontrollably at your foes.


Message History

It is a scroll of brand weapon.
Your +3 shortbow craves living souls!
a - a +3 shortbow of draining (weapon)
The orc hits you but does no damage.
You shoot an arrow. The arrow hits the orc!
You kill the orc!
The orc priest hits you but does no damage.
You shoot an arrow. The arrow hits the orc priest.
The orc priest is lightly wounded.
The orc priest hits you but does no damage.
You shoot an arrow.
The arrow closely misses the orc priest.
The arrow hits the iguana!
The iguana is severely wounded.
The orc priest closely misses you.
It was a potion of lignification.
You turn into a tree.
Your +1 helmet melds into your body.
Your +0 leather armour melds into your body.
Your roots penetrate the ground.
The orc priest hits you but does no damage.
You shoot an arrow.
The arrow closely misses the orc priest.
The arrow hits the iguana.
You kill the iguana!
The orc priest hits you with a +0 flail.
The orc priest calls down the wrath of Beogh upon you.
Beogh smites you!
* * * LOW HITPOINT WARNING * * *
A demonic guardian appears!
It was a potion of resistance.
You feel protected.
The orc priest hits you with a +0 flail.
* * * LOW HITPOINT WARNING * * *
It was a potion of mutation.
You feel extremely strange.
Large bone plates grow over parts of your arms.
You feel the urge to shout.
You feel a strange attunement to the structure of the dungeons.
The orc priest mumbles some strange prayers to Beogh against you.
Beogh smites you!
You die...

...)...#### ##..#
###...###
..........###..## ##.## ,
.####..........# ##.# .#
.# ###.......## #..# #.#
.# ##.....## ##.## #..#
## ##.#...# #..# #...# #
#...#.# #..# #..... #
#...#[######o.# ###......
##
###.###5♣oo§w>###........
.# ###
######..).......... .#
###..........< ##
##.......... #..........
#.......... ..####.....
#..# ..... #### #....


You could see an orc priest (ally target), an orc and a friendly white imp
(summoned).

Vanquished Creatures
  Sigmund (D:3)
  A scorpion (D:4)
  2 iguanas
  3 adders (D:2)
  2 worms (D:3)
  7 dart slugs
  4 orcs
  5 ball pythons
  A bat (D:2)
  An endoplasm (D:1)
  4 giant cockroaches
  10 goblins
  5 hobgoblins
  10 jackals
  10 kobolds
  5 quokkas
  4 frilled lizards
  4 rats
79 creatures vanquished.

Notes
Turn   | Place    | Note
-------+----------+-------------------------------------------
     0 | D:1      | Pimp the Demonspawn Hunter began the quest for the Orb.
     0 | D:1      | Reached XP level 1. HP: 16/16 MP: 1/1
    17 | D:1      | Reached skill level 1 in Stealth
    66 | D:1      | Gained mutation: You are partially covered in slimy green
                  | scales. (AC +2) [demonic ancestry]
    66 | D:1      | Reached XP level 2. HP: 22/22 MP: 2/2
   440 | D:1      | Gained mutation: You have a small tail. [demonic ancestry]
   440 | D:1      | Reached XP level 3. HP: 28/28 MP: 3/3
   905 | D:2      | Reached skill level 4 in Ranged Weapons
  1054 | D:2      | Found a faded altar of an unknown god.
  1089 | D:2      | Gained mutation: You are mostly covered in slimy green
                  | scales. (AC +3) [demonic ancestry]
  1089 | D:2      | Reached XP level 4. HP: 34/34 MP: 4/4
  1435 | D:3      | Noticed Sigmund
  1498 | D:3      | Killed Sigmund
  1499 | D:3      | Gained mutation: You are completely covered in slimy green
                  | scales. (AC +4, rPois) [demonic ancestry]
  1499 | D:3      | Reached XP level 5. HP: 15/41 MP: 5/5
  1499 | D:3      | Gained mutation: A weak demonic guardian rushes to your
                  | aid. [demonic ancestry]
  1499 | D:3      | Reached XP level 6. HP: 17/47 MP: 6/6
  1864 | D:3      | Identified the +0 ring mail of Zepsem {rF+ rC+ Will+ Str-5}
  2391 | D:4      | Gained mutation: You are partially covered in large bone
                  | plates. (SH +4) [potion of mutation]
  2391 | D:4      | Gained mutation: You occasionally shout uncontrollably at
                  | your foes. [potion of mutation]
  2391 | D:4      | Gained mutation: You passively map a small area around you.
                  | [potion of mutation]
  2391 | D:4      | Killed from afar by an orc priest

Illustrated notes

Levels and vault maps discovered:
D:1:      dpeg_arrival_round_b, layout_basic
D:2:      minmay_angry_zag, layout_loops_ring, basic_ecumenical_altar
D:3:      layout_basic, nicolae_concentric_dashed_squares_mild, st_stairs_1,
          uniq_sigmund
D:4:      layout_layer_cave, general_overflow_altar, nicolae_gozag_seed_capital

Skill      XL: |  1  2  3  4  5  6 |
---------------+-------------------+-----
Stealth        | 1 2 3 |  3.3
Dodging        | 2 3 |  3.4
Ranged Weapons | 4 |  4.7
Fighting       | 3 |  3.8

Action                     |  1- 3 |  4- 6 || total
---------------------------+-------+-------++-------
  Melee: Short sword       |       |    21 ||    21
         Tailslap          |       |     1 ||     1
   Fire: Shortbow          |    83 |   136 ||   219
    Use: Potion            |       |     7 ||     7
         Scroll            |       |    12 ||    12
 Armour: Leather armour    |    12 |    39 ||    51
         Skin              |       |     1 ||     1
  Dodge: Dodged            |    26 |    77 ||   103
